 Dungeon Crawl Stone Soup version 0.27-a0-346-ga689d4a613 (webtiles) character file.

Game seed: 4416275349861193090

10983 tilp the Martial Artist (level 11, -7/72 HPs)
             Began as an Octopode Transmuter on Feb 15, 2021.
             Was a High Priest of Okawaru.
             Killed from afar by a deep elf pyromancer (26 damage)
             ... with a bolt of fire
             ... on level 1 of the Orcish Mines.
             The game lasted 00:25:22 (17365 turns).

tilp the Martial Artist (Octopode Transmuter)      Turns: 17365, Time: 00:25:22

Health: -7/72      AC:  6    Str: 15    XL:     11   Next: 70%
Magic:  15/17      EV: 42    Int: 25    God:    Okawaru [*****.]
Gold:   959        SH:  0    Dex: 24    Spells: 5/18 levels left

rFire    . . .     SeeInvis .     - Unarmed
rCold    + . .     Faith    .   (shield currently unavailable)
rNeg     . . .     Spirit   .   (helmet currently unavailable)
rPois    x         Reflect  .   o - amulet of the acrobat
rElec    .         Harm     .   g - ring of protection from cold
rCorr    .         Rampage  .   m - +6 ring of strength
Will     .....                  n - +6 ring of intelligence
Stlth    +++.......             x - +6 ring of dexterity
HPRegen  0.22/turn              H - +4 ring of protection
MPRegen  0.15/turn              (no ring)
                                (no ring)
                                (no ring)

@: spider-form (expiring), wereblooded, acrobat
A: tiny, almost no armour, stealthy swim, (amphibious), 8 rings, (constrict 8)
a: End Transformation, Renounce Religion, Heroism, Finesse


You were on level 1 of the Orcish Mines.
You worshipped Okawaru.
Okawaru was extremely pleased with you.
You were a venomous arachnid creature.
You visited 3 branches of the dungeon, and saw 13 of its levels.

You collected 959 gold pieces.

Inventory:

Missiles
 d - 7 javelins
 k - 16 boomerangs
 r - 114 poisoned darts (quivered)
 w - 8 silver javelins
Armour
 q - a +1 buckler (melded)
Jewellery
 g - a ring of protection from cold (left front leg)
 m - a +6 ring of strength (right front leg)
 n - a +6 ring of intelligence (on tentacle)
 o - an amulet of the acrobat (around neck)
 x - a +6 ring of dexterity (on tentacle)
 H - a +4 ring of protection (on tentacle)
Wands
 A - a wand of paralysis (3)
 B - a wand of iceblast (6)
 D - a wand of flame (20)
 J - a wand of polymorph (7)
Scrolls
 j - 2 scrolls of magic mapping
 u - 4 scrolls of identify
 v - 3 scrolls of teleportation
 F - 2 scrolls of fog
Potions
 a - 2 potions of magic
 b - a potion of might
 c - 2 potions of haste
 f - 9 potions of curing
 h - a potion of berserk rage
 i - 4 potions of heal wounds
 l - 2 potions of cancellation
 s - a potion of resistance
 E - a potion of flight
 G - a potion of attraction
 I - a potion of mutation


   Skills:
 - Level 6.0 Fighting
 - Level 6.0 Dodging
 - Level 4.0 Stealth
 - Level 4.0 Shields
 + Level 8.5 Unarmed Combat
 - Level 4.0 Spellcasting
 - Level 8.0 Transmutations
 - Level 2.0 Ice Magic
 - Level 4.0 Poison Magic
 - Level 8.0 Invocations
 - Level 6.0 Evocations


You had 5 spell levels left.
You knew the following spells:

 Your Spells              Type           Power        Failure   Level
a - Beastly Appendage     Tmut           90%          3%          1
b - Wereblood             Tmut           45%          3%          2
c - Spider Form           Tmut/Pois      17%          9%          3
d - Ice Form              Ice/Tmut       30%          28%         4
e - Sting                 Tmut/Pois      100%         4%          1
f - Poisonous Vapours     Pois/Air       30%          17%         2

Your spell library contained the following spells:

 Spells                   Type           Power        Failure   Level
 Ignite Poison            Fire/Tmut/Pois 25%          16%         3
 Blade Hands              Tmut           22%          24%         5
 Mephitic Cloud           Conj/Pois/Air  11%          34%         3
 Olgreb's Toxic Radiance  Pois           25%          36%         4
 Petrify                  Tmut/Erth      25%          36%         4
 Confusing Touch          Hex            5%           47%         3
 Gell's Gravitas          Tloc           2%           47%         3
 Yara's Violent Unravell  Hex/Tmut       12%          65%         5
 Metabolic Englaciation   Hex/Ice        5%           95%         5


Dungeon Overview and Level Annotations

Branches:
Dungeon (11/15)            Temple (1/1) D:7            Lair (0/6) D:10
    Orc (1/2) D:10

Altars:
Ashenzari
Cheibriados
Dithmenos
Elyvilon
Fedhas
Gozag
Hepliaklqana
Kikubaaqudgha
Makhleb
Nemelex Xobeh
Okawaru
Qazlal
Ru
Sif Muna
Trog
Uskayaw
Vehumet
Wu Jian
Xom
Yredelemnul
Zin
The Shining One
Lugonu

Shops:
D:4 :   D:8 *   D:11 ?

Annotations:
D:9 1 runed translucent door, Borgoz's ghost, novice GrGl
D:10 exclusions: gargoyle and vampire


Innate Abilities, Weirdness & Mutations

You cannot wear most types of armour.
You are very stealthy in the water. (Stealth+)
((You are amphibious.))
You can wear up to eight rings at the same time.
((You can use your tentacles to constrict eight enemies at once.))
((Your skin changes colour to match your surroundings (Stealth+).))
((Your rubbery body absorbs attacks. (AC +1, EV +1)))


Message History

The deep elf pyromancer points at you and mumbles some strange words.
The sticky flame misses you.
You closely miss the deep elf pyromancer.
The deep elf pyromancer is moderately wounded.
You hiss as the wereblood boils in your veins!
The deep elf pyromancer gestures at you while chanting.
The sticky flame hits you.
You are covered in liquid flames!
The deep elf pyromancer casts a spell.
You bite the orc priest!
You kill the orc priest!
Okawaru accepts your kill.
You are covered in liquid flames!
The deep elf pyromancer misses you.
Unknown command.
You barely miss the deep elf pyromancer.
The deep elf pyromancer is moderately wounded.
You are covered in liquid flames!
* * * LOW HITPOINT WARNING * * *
Your transformation is almost over.
The deep elf pyromancer gestures wildly while chanting.
The deep elf pyromancer casts a spell at you.
The bolt of fire misses you.
You are covered in liquid flames!
* * * LOW HITPOINT WARNING * * *
The deep elf pyromancer misses you.
The deep elf pyromancer hits you with a +0 rapier.
* * * LOW HITPOINT WARNING * * *
Things that are here:
a +0 dagger; an orc corpse You are covered in liquid flames!
* * * LOW HITPOINT WARNING * * *
The deep elf pyromancer gestures wildly while chanting.
The deep elf pyromancer casts a spell at you.
The sticky flame misses you.
The deep elf pyromancer gestures wildly while chanting.
The deep elf pyromancer blinks!
The deep elf pyromancer points at you and mumbles some strange words.
The bolt of fire hits you!!
You die...

### ###### #####
##.###.#..####...### #
##...#..............##.##
#.......................#
....................##.##
.............#...#....#.##
#.##...........<.........#
##.#............sE.E☼....#
#..............[E.☼e#.°.##
.............[)..○.#☼°.###
..)............>..°eeo○..#
.).................°.#...#
...................###...#
................#.##
##...# ................###
###..# .......#.....#.##
....


You could see 3 deep elf pyromancers, 3 fire elementals and an orc.

Vanquished Creatures
  2 two-headed ogres
  2 cyclopes (D:11)
  An ugly thing (D:11)
  A manticore (D:11)
  A centaur zombie (D:9)
  3 trolls
  2 hornets
  Sigmund (D:6)
  10 yaks
  A warg (Orc:1)
  Edmund (D:6)
  An ice beast (D:9)
  5 orc warriors
  An eye of draining (D:11)
  3 ogres
  2 centaurs
  9 bullfrogs
  4 kobold brigands
  2 gnoll sergeants
  7 scorpions
  6 killer bees (D:7)
  4 wights
  6 howler monkeys
  A bullfrog zombie (D:10)
  12 orc priests
  A bullfrog skeleton (D:11)
  5 centaur skeletons
  5 hounds
  Jessica (D:6)
  8 orc wizards
  10 worker ants
  10 adders
  11 gnolls
  4 white imps
  3 ufetubi
  2 oozes (D:1)
  3 adder skeletons
  An adder zombie (D:8)
  5 worms
  A dart slug (D:2)
  4 leopard geckos
  87 orcs
  9 bats
  4 giant cockroaches
  5 goblins
  8 hobgoblins
  6 jackals
  20 kobolds
  A quokka (D:10)
  8 frilled lizards
  A jackal zombie (D:6)
  A quokka skeleton (D:4)
  8 rats
320 creatures vanquished.

Notes
Turn   | Place    | Note
-------+----------+-------------------------------------------
     0 | D:1      | tilp the Octopode Transmuter began the quest for the Orb.
     0 | D:1      | Reached XP level 1. HP: 13/13 MP: 3/3
    60 | D:1      | Reached skill level 1 in Stealth
   244 | D:1      | Reached XP level 2. HP: 16/18 MP: 3/5
   883 | D:1      | Learned a level 2 spell: Wereblood
  1078 | D:1      | Reached XP level 3. HP: 23/23 MP: 6/6
  1085 | D:1      | You fall into a shaft and drop 1 floor!
  1675 | D:2      | Reached XP level 4. HP: 26/29 MP: 3/7
  2165 | D:2      | Learned a level 3 spell: Spider Form
  2851 | D:3      | Reached XP level 5. HP: 8/35 MP: 5/8
  3689 | D:4      | Reached skill level 1 in Shields
  3798 | D:4      | Reached XP level 6. HP: 31/42 MP: 7/9
  4473 | D:4      | Found Heutiriv's Book Emporium.
  4712 | D:4      | Found an ancient bone altar of Kikubaaqudgha.
  4715 | D:4      | Found a sparkling altar of Nemelex Xobeh.
  4719 | D:4      | Found a hazy altar of Hepliaklqana.
  4787 | D:4      | Reached skill level 5 in Unarmed Combat
  5103 | D:5      | Entered Level 5 of the Dungeon
  5147 | D:5      | Reached XP level 7. HP: 22/48 MP: 7/10
  5928 | D:5      | Found a radiant altar of Vehumet.
  6045 | D:5      | Found a burning altar of Makhleb.
  6102 | D:5      | Found a snail-covered altar of Cheibriados.
  6662 | D:6      | Reached XP level 8. HP: 49/54 MP: 9/11
  6810 | D:6      | Noticed Jessica
  6817 | D:6      | Killed Jessica
  6828 | D:6      | Found a shimmering blue altar of Sif Muna.
  7233 | D:6      | Noticed Edmund
  7244 | D:6      | Noticed Sigmund
  7613 | D:6      | Reached skill level 5 in Fighting
  8364 | D:7      | Found a staircase to the Ecumenical Temple.
  8373 | D:7      | Paralysed by an orc for 4 turns
  8392 | Temple   | Entered the Ecumenical Temple
  8600 | Temple   | Became a worshipper of Warmaster Okawaru
  8766 | D:7      | You fall into a shaft and drop 3 floors!
  8766 | D:10     | Entered Level 10 of the Dungeon
  8767 | D:10     | Noticed a vampire
  8817 | D:10     | Found a staircase to the Lair.
  9084 | D:8      | Found a blossoming altar of Fedhas.
  9288 | D:8      | Reached XP level 9. HP: 59/62 MP: 10/12
  9501 | D:7      | Found a burning altar of Makhleb.
  9599 | D:7      | Found a bloodstained altar of Trog.
  9713 | D:7      | Reached skill level 5 in Dodging
  9718 | D:7      | Reached * piety under Okawaru
 10654 | D:8      | Noticed a two-headed ogre
 10901 | D:8      | Reached skill level 1 in Invocations
 10901 | D:8      | Reached skill level 1 in Evocations
 11012 | D:8      | Found Gozag's Platinum Reserve.
 11018 | D:8      | Found an opulent altar of Gozag.
 11390 | D:8      | Learned a level 1 spell: Sting
 11782 | D:9      | Found a shimmering altar of Xom.
 12024 | D:9      | Found a white marble altar of Elyvilon.
 12119 | D:9      | Found an ornate altar of the Wu Jian Council.
 12185 | D:9      | Reached ** piety under Okawaru
 12186 | D:9      | Reached skill level 1 in Poison Magic
 12186 | D:9      | Reached XP level 10. HP: 19/68 MP: 10/13
 12448 | D:9      | Found a runed translucent door.
 12450 | D:9      | Noticed Borgoz's ghost (novice GrGl)
 12724 | D:9      | Learned a level 4 spell: Ice Form
 12727 | D:9      | Learned a level 2 spell: Poisonous Vapours
 13042 | D:10     | Noticed a gargoyle
 13277 | D:10     | Reached skill level 5 in Transmutations
 13737 | D:10     | Found a staircase to the Orcish Mines.
 13742 | D:10     | Reached skill level 1 in Ice Magic
 14075 | D:11     | Reached *** piety under Okawaru
 14109 | D:11     | Noticed a purple ugly thing
 14208 | D:11     | Killed a purple ugly thing
 14614 | D:11     | Found Evaxirr's Magic Scroll Emporium.
 14658 | D:11     | Noticed a two-headed ogre
 14668 | D:11     | Killed a two-headed ogre
 14669 | D:11     | Reached XP level 11. HP: 52/72 MP: 5/17
 14769 | D:11     | Reached **** piety under Okawaru
 14848 | D:11     | Paralysed by a hornet for 2 turns
 15170 | D:11     | Noticed a manticore
 15181 | D:11     | Killed a manticore
 15182 | D:11     | Reached skill level 5 in Invocations
 15182 | D:11     | Reached skill level 5 in Evocations
 15472 | D:11     | Noticed a cyclops
 15487 | D:11     | Killed a cyclops
 15572 | D:11     | Noticed a cyclops
 15588 | D:11     | Killed a cyclops
 15588 | D:11     | Reached ***** piety under Okawaru
 16366 | D:6      | Killed Edmund
 16439 | D:6      | Killed Sigmund
 16556 | D:8      | Killed a two-headed ogre
 16743 | Orc:1    | Entered Level 1 of the Orcish Mines
 17343 | Orc:1    | Noticed a deep elf pyromancer
 17344 | Orc:1    | Noticed a deep elf pyromancer
 17348 | Orc:1    | Noticed a deep elf pyromancer
 17365 | Orc:1    | Killed from afar by a deep elf pyromancer

Illustrated notes

Levels and vault maps discovered:
D:1:      lightli_arrival_windingriver, layout_loops_cross, minmay_ruptured
D:2:      layout_basic
D:3:      layout_basic
D:4:      layout_basic, grunt_temple_overflow_diamond, serial_shops,
          nicolae_shop_competitors_out_of_business
D:5:      layout_loops_cross, old_standard_altar, cheibriados_altar_1,
          basic_altar
D:6:      layout_basic, tgw_sif, sigmund_edmund_badplayer, uniq_sigmund,
          uniq_edmund
D:7:      layout_loops_corners, general_overflow_altar,
          makhleb_heckhound_becter, minmay_temple_entry_mist
D:8:      layout_basic, nicolae_gozag_zags_fifth_avenue,
          fedhas_bush_and_centaur_altar
D:9:      layout_basic, overflow_temple_1_default, nzn_wu_jian_contemplation,
          old_standard_altar, ebering_ghost_reflecting_pool
D:10:     layout_roguey [special_room_orc], dpeg_oklobed_lair, hiddenorc1_lemuel
D:11:     layout_roguey, serial_shops, shop
Temple:   kb_corrupted_temple
Orc:1:    layout_caves, basic_altar, nicolae_orc_rockfall,
          nicolae_orc_flooded_monolith, elf_legates

Skill      XL: |  1  2  3  4  5  6  7  8  9 10 11 |
---------------+----------------------------------+-----
Stealth        | 2 3 4 |  4.0
Fighting       | 2 3 4 5 6 |  6.0
Unarmed Combat | 4 5 6 7 8 |  8.5
Shields        | 1 2 4 |  4.0
Dodging        | 4 6 |  6.0
Invocations    | 4 8 |  8.0
Evocations     | 4 6 |  6.0
Poison Magic   | 1 4 |  4.0
Spellcasting   | 4 |  4.0
Transmutations | 8 |  8.0
Ice Magic      | 2 |  2.0

Action                   |  1- 3 |  4- 6 |  7- 9 | 10-12 || total
-------------------------+-------+-------+-------+-------++-------
Melee: Unarmed           |    82 |   108 |   281 |   272 ||   743
       Constrict         |    21 |    24 |    81 |    34 ||   160
       Tentacles         |    16 |    21 |    77 |    37 ||   151
       Kick              |    10 |    29 |    98 |    60 ||   197
       Punch             |     1 |     1 |    17 |    20 ||    39
Throw: Stone             |     7 |       |       |       ||     7
       Boomerang         |       |     3 |     8 |     1 ||    12
       Dart              |       |       |    44 |     1 ||    45
 Cast: Beastly Appendage |    12 |    17 |    46 |    19 ||    94
       Wereblood         |     4 |    10 |    19 |    13 ||    46
       Poisonous Vapours |       |       |       |    36 ||    36
       Ice Form          |       |       |       |     7 ||     7
       Spider Form       |       |       |       |     8 ||     8
Invok: Heroism           |       |       |     1 |     5 ||     6
  Use: Scroll            |     3 |     4 |    13 |     5 ||    25
       Potion            |       |       |     1 |       ||     1
 Stab: Sleeping          |    10 |     9 |     8 |     2 ||    29
Armor: Skin              |    10 |     3 |    11 |    17 ||    41
Dodge: Dodged            |    43 |    54 |   139 |   170 ||   406
Block: Buckler           |       |     3 |    55 |    32 ||    90

Table legend: (Time is in decaauts)
 A = Elapsed time spent in this place.
 B = Non-inter-level travel time spent in this place.
 C = Inter-level travel time spent in this place.
 D = Time resting spent in this place.
 E = Time spent auto-exploring this place.
 F = Levels seen in this place.
 G = Mean time per level.
                   A        B        C        D        E       F      G
               +--------+--------+--------+--------+--------+-----+--------+
         Total |  17288 |  16454 |    834 |   3563 |  10651 |  13 | 1329.8 |
       Dungeon |  16581 |  15826 |    755 |   3343 |  10366 |  11 | 1507.4 |
        Temple |    230 |    188 |     42 |      0 |    187 |   1 |  230.0 |
  Orcish Mines |    475 |    438 |     37 |    220 |     98 |   1 |  475.0 |
               +--------+--------+--------+--------+--------+-----+--------+

Top non-repeatable levels by time:
    D:11: 2156 daAuts
     D:6: 2043 daAuts
     D:4: 1686 daAuts
    D:10: 1614 daAuts
     D:7: 1596 daAuts
     D:8: 1502 daAuts
     D:3: 1369 daAuts
     D:5: 1262 daAuts
     D:1: 1246 daAuts
     D:9: 1163 daAuts
     D:2: 940 daAuts
   Orc:1: 475 daAuts
  Temple: 230 daAuts
